Wolfpack vs Wolves
Created - March 8, 2022 at 19:07
Goals
|
| Wolfpack |
0 |
1 |
0 |
1 |
| Wolves |
1 |
1 |
1 |
3 |
|
Shots
|
| Wolfpack |
6 |
17 |
7 |
30 |
| Wolves |
5 |
15 |
5 |
25 |
|
1st period
1. Wolves , Sebastian Aho 21 (Thomas Spelling 16, Wade Allison 4) at 1:55
Penalties :
Matthew Highmore (Chi) for Holding (Minor) at 6:15, Fredrik Olofsson (Chi) for Hooking (Minor) at 13:31
2nd period
2. Wolves , Alexandre Grenier 31 (Kyle Rau 35, Joe Morrow 32) at 7:36 (PP)
3. Wolfpack , Seth Griffith 15 (David Pope 16) at 19:22
Penalties :
Dave Dziurzynski (Har) for Tripping (Minor) at 7:18, Stefan Noesen (Har) for Holding (Minor) at 13:00
3rd period
4. Wolves , Kyle Rau 17 (Matthew Highmore 6) at 13:26
Penalties :
Antti Suomela (Chi) for Diving (Minor) at 14:52
Goalie Stats
Samuel Montembeault (Har), 22 saves from 25 shots - (0.880), L, 14-10-2, 60:00 minutes
Laurent Brossoit (Chi), 29 saves from 30 shots - (0.967), W, 19-5-4, 60:00 minutes
Players Stats for Wolfpack
Player Name G A P +/- PIM S H SB GA TA FO MP PP MP PK MP
------------------------------------------------------------------------------------
Adam Lowry 0 0 0 0 0 0 0 0 0 0 0/0 0:36 0:00 0:35
Alex Barre-Boulet 0 0 0 1 0 0 3 0 0 1 0/2 13:07 0:00 0:48
Andrew Peeke 0 0 0 0 0 0 0 0 0 0 0/0 0:00 0:00 0:00
Colton White 0 0 0 0 0 1 2 2 1 0 0/0 18:20 3:36 0:00
Connor Chatam 0 0 0 -2 0 0 0 0 0 0 0/0 7:51 0:00 0:00
Dave Dziurzynski 0 0 0 0 2 2 3 0 1 0 0/1 21:16 3:18 0:56
David Pope 0 1 1 1 0 2 1 0 1 1 0/0 13:02 0:00 0:42
Derrick Pouliot 0 0 0 -1 0 2 3 1 1 5 0/0 30:12 2:10 1:23
Dryden Hunt 0 0 0 -2 0 0 1 0 0 0 0/0 7:25 0:00 0:00
Henrik Samuelsson 0 0 0 0 0 4 1 0 0 0 6/11 17:37 2:39 0:00
Jake Marchment 0 0 0 0 0 0 0 0 0 0 0/0 0:00 0:00 0:00
Joel Kiviranta 0 0 0 0 0 0 0 0 0 0 0/0 0:00 0:00 0:00
Joshua Jacobs 0 0 0 0 0 0 0 0 0 0 0/0 6:40 1:32 0:00
Kevin Roy 0 0 0 -2 0 1 0 0 0 1 0/0 7:25 0:00 0:00
Maxime Sauvé 0 0 0 0 0 3 1 1 0 1 12/35 21:36 3:18 1:15
Mikhail Sergachev 0 0 0 0 0 0 0 0 0 0 0/0 0:22 0:00 0:00
Ryan Culkin 0 0 0 0 0 1 0 0 0 2 0/0 19:22 0:13 0:54
Ryan Dzingel 0 0 0 0 0 0 0 0 0 0 0/0 0:00 0:00 0:00
Samuel Blais 0 0 0 0 0 2 3 0 0 1 1/1 17:37 2:39 0:00
Sebastian Collberg 0 0 0 0 0 1 1 0 1 0 0/0 17:37 2:39 0:00
Seth Griffith 1 0 1 1 0 3 1 0 2 0 5/8 11:53 0:00 0:00
Stefan Noesen 0 0 0 0 2 4 2 0 2 0 0/2 20:39 3:18 0:18
Steven Santini 0 0 0 0 0 0 1 1 0 0 0/0 18:25 1:12 1:23
Vince Dunn 0 0 0 -1 0 4 1 1 0 0 0/0 26:39 3:11 0:54
Will Borgen 0 0 0 0 0 0 0 0 0 0 0/0 0:00 0:00 0:00
Players Stats for Wolves
Player Name G A P +/- PIM S H SB GA TA FO MP PP MP PK MP
------------------------------------------------------------------------------------
Alexandre Grenier 1 0 1 1 0 4 2 0 5 0 1/2 17:23 1:23 0:00
Anton Lindholm 0 0 0 0 0 0 1 1 2 0 0/0 18:57 0:58 3:04
Antti Suomela 0 0 0 -1 2 1 1 1 0 0 2/2 14:15 0:00 0:13
Fredrik Olofsson 0 0 0 1 2 1 0 1 1 1 1/2 19:14 0:54 1:28
Jakub Zboril 0 0 0 0 0 0 1 0 0 1 0/0 11:11 0:00 0:00
Jalen Chatfield 0 0 0 0 0 0 1 0 0 2 0/0 11:11 0:00 0:00
Jeff Petry 0 0 0 0 0 0 1 1 1 1 0/0 18:57 0:58 3:04
Jeffrey Foss 0 0 0 1 0 2 1 1 0 1 0/0 23:57 1:19 2:53
Joe Morrow 0 1 1 1 0 2 2 0 0 0 0/0 23:57 1:19 2:53
Joona Koppanen 0 0 0 0 0 0 0 0 0 0 0/0 0:00 0:00 0:00
Kale Clague 0 0 0 0 0 0 0 0 0 0 0/0 5:55 0:00 0:00
Kevin Stenlund 0 0 0 0 0 0 0 0 0 0 0/0 0:00 0:00 0:00
Kieffer Bellows 0 0 0 -1 0 1 2 0 0 0 0/0 13:11 0:00 0:22
Kyle Rau 1 1 2 1 0 5 2 0 0 1 21/32 20:42 1:23 3:29
Lawson Crouse 0 0 0 1 0 3 3 1 0 2 3/3 23:59 1:15 3:00
Liam O'Brien 0 0 0 0 0 0 0 0 0 0 0/0 0:00 0:00 0:00
Matthew Highmore 0 1 1 0 2 2 0 0 0 0 1/3 6:26 0:00 0:00
Samuel Girard 0 0 0 0 0 0 0 0 0 0 0/0 5:55 0:00 0:00
Sebastian Aho 1 0 1 1 0 3 2 1 2 0 6/14 19:08 0:54 1:55
Thomas Spelling 0 1 1 1 0 0 2 0 0 0 0/1 19:46 0:54 1:27
Victor Olofsson 0 0 0 -1 0 1 1 1 1 0 0/0 13:58 0:08 0:00
Wade Allison 0 1 1 0 0 0 0 0 0 0 1/1 5:58 0:00 0:00
Zachary Senyshyn 0 0 0 0 0 0 0 0 0 0 0/0 0:00 0:00 0:00
3 Stars
1 - Kyle Rau (Chi)
2 - Laurent Brossoit (Chi)
3 - Sebastian Aho (Chi)
Power Play
Wolfpack - 0 on 3 Attempt(s) - 0.00%
Wolves - 1 on 2 Attempt(s) - 50.00%
Penalty Kill
Wolfpack - 1 on 2 Attempt(s) - 50.00%
- Score 0 goal in Penalty Kill
Wolves - 3 on 3 Attempt(s) - 100.00%
- Score 0 goal in Penalty Kill
Team Stat
Wolfpack - Hits : 24 - Faceoff Wins : 24 - Blocked Shots : 6 - Penalty Minutes : 4
Wolves - Hits : 22 - Faceoff Wins : 36 - Blocked Shots : 8 - Penalty Minutes : 6
Official
Referees : Pierre Lambert and Chris Rooney
Linesman : Kyle Flemington and Mark Shewchyk
Game Notes
Mikhail Sergachev is injured at 0:21 of 1st period (Back)
Finance
Level 1 -- Attendance: 1757 (87.85%) -- Ticket Income $61,495
Level 2 -- Attendance: 968 (96.80%) -- Ticket Income $14,520
Total Attendance: 2725 (90.83%)
Total Ticket Income: $76,015
Other Income: $3,801
Total Income: $79,816
Wolfpack
5 vs 5 Forward
Center Left Wing Right Wing Time % Phy DF OF
1 Maxime Sauvé Dave Dziurzynski Stefan Noesen 40 1 2 2
2 Henrik Samuelsson Samuel Blais Sebastian Collberg 30 1 2 2
3 Seth Griffith David Pope Alex Barre-Boulet 20 1 2 2
4 Kevin Roy Dryden Hunt Connor Chatam 10 1 2 2
5 vs 5 Defense
Defense Defense Time % Phy DF OF
1 Vince Dunn Mikhail Sergachev 40 1 2 2
2 Derrick Pouliot Steven Santini 30 1 2 2
3 Ryan Culkin Colton White 20 1 2 2
4 Vince Dunn Mikhail Sergachev 10 1 2 2
PowerPlay Forward
Center Left Wing Right Wing Time % Phy DF OF
1 Maxime Sauvé Dave Dziurzynski Stefan Noesen 60 1 2 2
2 Henrik Samuelsson Samuel Blais Sebastian Collberg 40 1 2 2
PowerPlay Defense
Defense Defense Time % Phy DF OF
1 Vince Dunn Mikhail Sergachev 60 1 2 2
2 Derrick Pouliot Steven Santini 40 1 2 2
Penalty Kill 4 Players Forward
Center Wing Time % Phy DF OF
1 Maxime Sauvé Stefan Noesen 60 1 2 2
2 Dave Dziurzynski Henrik Samuelsson 40 1 2 2
Penalty Kill 4 Players Defense
Defense Defense Time % Phy DF OF
1 Derrick Pouliot Steven Santini 60 1 2 2
2 Vince Dunn Mikhail Sergachev 40 1 2 2
Penalty Kill - 3 Players Forward
Forward Time % Phy DF OF
1 Maxime Sauvé 60 1 2 2
2 Stefan Noesen 40 1 2 2
Penalty Kill - 3 Players Defense
Defense Defense Time % Phy DF OF
1 Derrick Pouliot Steven Santini 60 1 2 2
2 Vince Dunn Mikhail Sergachev 40 1 2 2
4 vs 4 Forward
Center Wing Time % Phy DF OF
1 Maxime Sauvé Stefan Noesen 60 1 2 2
2 Dave Dziurzynski Henrik Samuelsson 40 1 2 2
4 vs 4 Defense
Defense Defense Time % Phy DF OF
1 Vince Dunn Mikhail Sergachev 60 1 2 2
2 Derrick Pouliot Steven Santini 40 1 2 2
Last Minutes Offensive
Center Left Wing Right Wing Defense Defense
Maxime Sauvé Dave Dziurzynski Stefan Noesen Derrick Pouliot Steven Santini
Last Minutes Defensive
Center Left Wing Right Wing Defense Defense
Maxime Sauvé Dave Dziurzynski Stefan Noesen Derrick Pouliot Steven Santini
Goaltenders
Starting : Samuel Montembeault
Backup : Mike Condon
Extra Forwards
Normal : Samuel Blais, Stefan Noesen, Alex Barre-Boulet - PP : Samuel Blais, Stefan Noesen - PK : Alex Barre-Boulet
Extra Defensemen
Normal : Derrick Pouliot, Ryan Culkin, Colton White - PP : Mikhail Sergachev - PK : Ryan Culkin, Colton White
Penalty Shots
Maxime Sauvé, Stefan Noesen, Dave Dziurzynski, Henrik Samuelsson, David Pope
Scratches
Jacob Middleton (Healthy), Keegan Kolesar (Healthy), Mikhail Vorobyev (Healthy), Alexander Barabanov (Suspend), Dante Fabbro (Healthy)
Jeffrey Viel (Healthy), Yegor Korshkov (Healthy), Jake Paterson (Healthy)
Wolves
5 vs 5 Forward
Center Left Wing Right Wing Time % Phy DF OF
1 Kyle Rau Lawson Crouse Alexandre Grenier 40 1 2 2
2 Sebastian Aho Fredrik Olofsson Thomas Spelling 30 1 2 2
3 Antti Suomela Kieffer Bellows Victor Olofsson 20 1 2 2
4 Matthew Highmore Lawson Crouse Wade Allison 10 1 2 2
5 vs 5 Defense
Defense Defense Time % Phy DF OF
1 Jeffrey Foss Joe Morrow 40 1 2 2
2 Anton Lindholm Jeff Petry 30 1 2 2
3 Jakub Zboril Jalen Chatfield 20 1 2 2
4 Samuel Girard Kale Clague 10 1 2 2
PowerPlay Forward
Center Left Wing Right Wing Time % Phy DF OF
1 Kyle Rau Lawson Crouse Alexandre Grenier 60 1 2 2
2 Sebastian Aho Fredrik Olofsson Thomas Spelling 40 1 2 2
PowerPlay Defense
Defense Defense Time % Phy DF OF
1 Jeffrey Foss Joe Morrow 60 1 2 2
2 Anton Lindholm Jeff Petry 40 1 2 2
Penalty Kill 4 Players Forward
Center Wing Time % Phy DF OF
1 Kyle Rau Lawson Crouse 60 1 2 2
2 Sebastian Aho Fredrik Olofsson 40 1 2 2
Penalty Kill 4 Players Defense
Defense Defense Time % Phy DF OF
1 Jeffrey Foss Joe Morrow 60 1 2 2
2 Anton Lindholm Jeff Petry 40 1 2 2
Penalty Kill - 3 Players Forward
Forward Time % Phy DF OF
1 Kyle Rau 60 1 2 2
2 Sebastian Aho 40 1 2 2
Penalty Kill - 3 Players Defense
Defense Defense Time % Phy DF OF
1 Jeffrey Foss Joe Morrow 60 1 2 2
2 Anton Lindholm Jeff Petry 40 1 2 2
4 vs 4 Forward
Center Wing Time % Phy DF OF
1 Kyle Rau Lawson Crouse 60 1 2 2
2 Sebastian Aho Fredrik Olofsson 40 1 2 2
4 vs 4 Defense
Defense Defense Time % Phy DF OF
1 Jeffrey Foss Joe Morrow 60 1 2 2
2 Anton Lindholm Jeff Petry 40 1 2 2
Last Minutes Offensive
Center Left Wing Right Wing Defense Defense
Kyle Rau Lawson Crouse Alexandre Grenier Jeffrey Foss Joe Morrow
Last Minutes Defensive
Center Left Wing Right Wing Defense Defense
Kyle Rau Lawson Crouse Alexandre Grenier Jeffrey Foss Joe Morrow
Goaltenders
Starting : Laurent Brossoit
Backup : Ebbe Siönäs
Extra Forwards
Normal : Thomas Spelling, Victor Olofsson, Antti Suomela - PP : Thomas Spelling, Victor Olofsson - PK : Thomas Spelling
Extra Defensemen
Normal : Jalen Chatfield, Samuel Girard, Kale Clague - PP : Jalen Chatfield - PK : Jalen Chatfield, Samuel Girard
Penalty Shots
Alexandre Grenier, Kyle Rau, Sebastian Aho, Lawson Crouse, Thomas Spelling
Scratches
Eric Robinson (Strained Back Injury), Dylan Coghlan (Healthy), Sergei Kostenko (Healthy)
% Time on Ice - Wolfpack
Lines # - Real PCT - Wanted PCT - Time Play
Normal Forward
1 - 34% - 40% - 17:30
2 - 29% - 30% - 14:58
3 - 23% - 20% - 11:53
4 - 14% - 10% - 7:25
Normal Defense
1 - 43% - 40% - 22:21
2 - 28% - 30% - 14:45
3 - 20% - 20% - 10:22
4 - 8% - 10% - 4:18
PP Forward
1 - 55% - 60% - 3:18
2 - 45% - 40% - 2:39
PP Defense
1 - 80% - 60% - 4:45
2 - 20% - 40% - 1:12
PK Forward
1 - 100% - 60% - 2:17
2 - 0% - 40% - 0:00
PK Defense
1 - 61% - 60% - 1:23
2 - 39% - 40% - 0:54
PK3 Forward
1 - 0% - 60%
2 - 0% - 40%
PK3 Defense
1 - 0% - 60%
2 - 0% - 40%
44 Forward
1 - 0% - 60%
2 - 0% - 40%
44 Defense
1 - 0% - 60%
2 - 0% - 40%
Last Minute Offensive - 0:00
Last Minute Defensive - 0:00
Total
Forward - 60:00
Defense - 60:00
|
% Time on Ice - Wolves
Lines # - Real PCT - Wanted PCT - Time Play
Normal Forward
1 - 32% - 40% - 16:41
2 - 32% - 30% - 16:41
3 - 24% - 20% - 12:26
4 - 12% - 10% - 5:58
Normal Defense
1 - 38% - 40% - 19:45
2 - 29% - 30% - 14:55
3 - 22% - 20% - 11:11
4 - 11% - 10% - 5:55
PP Forward
1 - 61% - 60% - 1:23
2 - 39% - 40% - 0:54
PP Defense
1 - 58% - 60% - 1:19
2 - 42% - 40% - 0:58
PK Forward
1 - 68% - 60% - 4:02
2 - 32% - 40% - 1:55
PK Defense
1 - 48% - 60% - 2:53
2 - 52% - 40% - 3:04
PK3 Forward
1 - 0% - 60%
2 - 0% - 40%
PK3 Defense
1 - 0% - 60%
2 - 0% - 40%
44 Forward
1 - 0% - 60%
2 - 0% - 40%
44 Defense
1 - 0% - 60%
2 - 0% - 40%
Last Minute Offensive - 0:00
Last Minute Defensive - 0:00
Total
Forward - 60:00
Defense - 60:00
|
Play-by-Play
1st period
0:01 of 1st period - Kyle Rau wins face-off versus Maxime Sauvé in neutral zone.
0:20 of 1st period - Mikhail Sergachev is hit by Lawson Crouse and loses puck.
0:21 of 1st period - Mikhail Sergachev from Wolfpack is injured at 0:21 of 1st period (Back).
0:22 of 1st period - Henrik Samuelsson wins face-off versus Fredrik Olofsson in Wolfpack zone.
0:48 of 1st period - Icing by Jeff Petry.
0:49 of 1st period - Fredrik Olofsson wins face-off versus Seth Griffith in Wolves zone.
1:16 of 1st period - David Pope is hit by Alexandre Grenier and loses puck.
1:23 of 1st period - Wrist shot by Kyle Rau.
1:23 of 1st period - Stopped by Samuel Montembeault without a rebound.
1:24 of 1st period - Maxime Sauvé wins face-off versus Matthew Highmore in Wolfpack zone.
1:51 of 1st period - Snap shot by Sebastian Aho.
1:51 of 1st period - Stopped by Samuel Montembeault with a rebound.
1:53 of 1st period - Slapshot by Thomas Spelling.
1:53 of 1st period - Shot Blocked by Vince Dunn.
1:55 of 1st period - Snap shot by Sebastian Aho.
1:55 of 1st period - Goal by Sebastian Aho - Wolfpack : 0 - Wolves : 1.
1:56 of 1st period - Lawson Crouse wins face-off versus Henrik Samuelsson in neutral zone.
2:31 of 1st period - Wrist shot by Dave Dziurzynski.
2:31 of 1st period - Shot Blocked by Victor Olofsson.
3:18 of 1st period - Wrist shot by Kyle Rau.
3:18 of 1st period - Shot Blocked by Colton White.
3:32 of 1st period - Dave Dziurzynski is hit by Kieffer Bellows.
3:52 of 1st period - Snap shot by Lawson Crouse.
3:52 of 1st period - Stopped by Samuel Montembeault with a rebound.
4:00 of 1st period - Jeffrey Foss is hit by Seth Griffith and loses puck.
4:11 of 1st period - Joe Morrow is hit by Henrik Samuelsson and loses puck.
5:17 of 1st period - Anton Lindholm is hit by Alex Barre-Boulet.
5:44 of 1st period - Fredrik Olofsson is hit by Stefan Noesen and loses puck.
6:03 of 1st period - Wrist shot by Kevin Roy.
6:03 of 1st period - Stopped by Laurent Brossoit with a rebound.
6:05 of 1st period - Slapshot by Vince Dunn.
6:05 of 1st period - Stopped by Laurent Brossoit with a rebound.
6:07 of 1st period - Snap shot by Dryden Hunt.
6:07 of 1st period - Shot Hit the Post.
6:09 of 1st period - Slapshot by Derrick Pouliot.
6:09 of 1st period - Stopped by Laurent Brossoit with a rebound.
6:15 of 1st period - Minor Penalty to Matthew Highmore for Holding.
6:16 of 1st period - Lawson Crouse wins face-off versus Maxime Sauvé in Wolves zone.
6:16 of 1st period - Lawson Crouse is hit by Stefan Noesen.
6:54 of 1st period - Snap shot by Sebastian Collberg.
6:54 of 1st period - Stopped by Laurent Brossoit without a rebound.
6:55 of 1st period - Kyle Rau wins face-off versus Henrik Samuelsson in Wolves zone.
7:13 of 1st period - Jeffrey Foss is hit by Sebastian Collberg and loses puck.
8:15 of 1st period - Penalty to Matthew Highmore is over, Matthew Highmore is back on ice.
8:28 of 1st period - Lawson Crouse is hit by Alex Barre-Boulet and loses puck.
8:49 of 1st period - Thomas Spelling is hit by Dryden Hunt and loses puck.
9:24 of 1st period - Kyle Rau is hit by David Pope and loses puck.
10:06 of 1st period - Lawson Crouse is hit by Samuel Blais and loses puck.
10:17 of 1st period - Wrist shot by Kyle Rau.
10:17 of 1st period - Stopped by Samuel Montembeault without a rebound.
10:18 of 1st period - Seth Griffith wins face-off versus Kyle Rau in Wolfpack zone.
10:18 of 1st period - Seth Griffith is hit by Kyle Rau.
10:42 of 1st period - Anton Lindholm is hit by Dave Dziurzynski and loses puck.
11:21 of 1st period - Steven Santini is hit by Anton Lindholm and loses puck.
11:36 of 1st period - Wrist shot by Victor Olofsson.
11:36 of 1st period - Shot Hit the Post.
11:56 of 1st period - Stefan Noesen is hit by Thomas Spelling and loses puck.
12:56 of 1st period - Snap shot by Thomas Spelling.
12:56 of 1st period - Shot Misses the Net.
13:11 of 1st period - Off-side.
13:12 of 1st period - Henrik Samuelsson wins face-off versus Sebastian Aho in neutral zone.
13:19 of 1st period - Jakub Zboril is hit by Colton White and loses puck.
13:31 of 1st period - Minor Penalty to Fredrik Olofsson for Hooking.
13:32 of 1st period - Kyle Rau wins face-off versus Maxime Sauvé in Wolves zone.
13:40 of 1st period - Lawson Crouse is hit by Colton White and loses puck.
14:07 of 1st period - Snap shot by Henrik Samuelsson.
14:07 of 1st period - Stopped by Laurent Brossoit with a rebound.
15:09 of 1st period - Icing by Henrik Samuelsson.
15:10 of 1st period - Antti Suomela wins face-off versus Henrik Samuelsson in Wolfpack zone.
15:31 of 1st period - Penalty to Fredrik Olofsson is over, Fredrik Olofsson is back on ice.
16:07 of 1st period - Kevin Roy is hit by Jeffrey Foss and loses puck.
16:18 of 1st period - Backhand shot by Antti Suomela.
16:18 of 1st period - Deflect By Victor Olofsson.
16:18 of 1st period - Shot Misses the Net.
16:18 of 1st period - Puck is out of play.
16:19 of 1st period - Kyle Rau wins face-off versus Henrik Samuelsson in Wolfpack zone.
16:38 of 1st period - Lawson Crouse is hit by Derrick Pouliot and loses puck.
17:06 of 1st period - Snap shot by Henrik Samuelsson.
17:06 of 1st period - Stopped by Laurent Brossoit without a rebound.
17:07 of 1st period - Maxime Sauvé wins face-off versus Sebastian Aho in Wolves zone.
17:08 of 1st period - Slapshot by Dave Dziurzynski.
17:08 of 1st period - Shot Blocked by Fredrik Olofsson.
17:18 of 1st period - Backhand shot by Sebastian Aho.
17:18 of 1st period - Shot Blocked by Colton White.
18:16 of 1st period - Slapshot by Fredrik Olofsson.
18:16 of 1st period - Shot Misses the Net.
18:56 of 1st period - Seth Griffith is hit by Jalen Chatfield.
19:28 of 1st period - Snap shot by Kevin Roy.
19:28 of 1st period - Shot Misses the Net.
19:30 of 1st period - Slapshot by Vince Dunn.
19:30 of 1st period - Shot Misses the Net.
19:32 of 1st period - Slapshot by Vince Dunn.
19:32 of 1st period - Shot Misses the Net.
Goals for this period are 0 for Wolfpack vs 1 for Wolves.
Shots for this period are 6 for Wolfpack vs 5 for Wolves.
2nd period
0:01 of 2nd period - Kyle Rau wins face-off versus Maxime Sauvé in neutral zone.
0:28 of 2nd period - Backhand shot by Seth Griffith.
0:28 of 2nd period - Shot Misses the Net.
0:30 of 2nd period - Slapshot by Derrick Pouliot.
0:30 of 2nd period - Shot Misses the Net.
0:38 of 2nd period - Wrist shot by Seth Griffith.
0:38 of 2nd period - Deflect By David Pope.
0:38 of 2nd period - Stopped by Laurent Brossoit with a rebound.
1:00 of 2nd period - Snap shot by Henrik Samuelsson.
1:00 of 2nd period - Shot Misses the Net.
1:18 of 2nd period - Slapshot by Ryan Culkin.
1:18 of 2nd period - Shot Misses the Net.
1:20 of 2nd period - Backhand shot by Connor Chatam.
1:20 of 2nd period - Shot Misses the Net.
2:11 of 2nd period - Snap shot by Matthew Highmore.
2:11 of 2nd period - Stopped by Samuel Montembeault without a rebound.
2:12 of 2nd period - Henrik Samuelsson wins face-off versus Sebastian Aho in Wolfpack zone.
2:27 of 2nd period - Slapshot by Joe Morrow.
2:27 of 2nd period - Shot Misses the Net.
3:53 of 2nd period - Jalen Chatfield is hit by Alex Barre-Boulet and loses puck.
5:14 of 2nd period - Wrist shot by Henrik Samuelsson.
5:14 of 2nd period - Deflect By Samuel Blais.
5:14 of 2nd period - Stopped by Laurent Brossoit without a rebound.
5:15 of 2nd period - Henrik Samuelsson wins face-off versus Kyle Rau in Wolves zone.
5:22 of 2nd period - Wrist shot by Henrik Samuelsson.
5:22 of 2nd period - Stopped by Laurent Brossoit without a rebound.
5:23 of 2nd period - Sebastian Aho wins face-off versus Maxime Sauvé in Wolves zone.
5:58 of 2nd period - Samuel Blais is hit by Joe Morrow and loses puck.
6:19 of 2nd period - Wrist shot by Kyle Rau.
6:19 of 2nd period - Stopped by Samuel Montembeault with a rebound.
6:29 of 2nd period - Henrik Samuelsson is hit by Sebastian Aho and loses puck.
6:46 of 2nd period - Snap shot by Henrik Samuelsson.
6:46 of 2nd period - Deflect By Samuel Blais.
6:46 of 2nd period - Shot Misses the Net.
6:46 of 2nd period - Puck is out of play.
6:47 of 2nd period - Matthew Highmore wins face-off versus Maxime Sauvé in Wolves zone.
6:47 of 2nd period - Matthew Highmore is hit by Dave Dziurzynski.
6:55 of 2nd period - Wrist shot by Maxime Sauvé.
6:55 of 2nd period - Stopped by Laurent Brossoit without a rebound.
6:56 of 2nd period - Maxime Sauvé wins face-off versus Kyle Rau in Wolves zone.
7:01 of 2nd period - Wrist shot by Stefan Noesen.
7:01 of 2nd period - Stopped by Laurent Brossoit with a rebound.
7:03 of 2nd period - Slapshot by Vince Dunn.
7:03 of 2nd period - Deflect By Dave Dziurzynski.
7:03 of 2nd period - Stopped by Laurent Brossoit without a rebound.
7:04 of 2nd period - Kyle Rau wins face-off versus Maxime Sauvé in Wolves zone.
7:04 of 2nd period - Kyle Rau is hit by Vince Dunn.
7:16 of 2nd period - Wrist shot by Alexandre Grenier.
7:16 of 2nd period - Shot Misses the Net.
7:18 of 2nd period - Minor Penalty to Dave Dziurzynski for Tripping.
7:19 of 2nd period - Kyle Rau wins face-off versus Maxime Sauvé in Wolfpack zone.
7:26 of 2nd period - Snap shot by Alexandre Grenier.
7:26 of 2nd period - Stopped by Samuel Montembeault without a rebound.
7:27 of 2nd period - Kyle Rau wins face-off versus Maxime Sauvé in Wolfpack zone.
7:36 of 2nd period - Snap shot by Alexandre Grenier.
7:36 of 2nd period - Goal by Alexandre Grenier - Wolfpack : 0 - Wolves : 2.
7:37 of 2nd period - Lawson Crouse wins face-off versus Dave Dziurzynski in neutral zone.
7:40 of 2nd period - Slapshot by Jeffrey Foss.
7:40 of 2nd period - Stopped by Samuel Montembeault without a rebound.
7:41 of 2nd period - Kyle Rau wins face-off versus Maxime Sauvé in Wolfpack zone.
7:58 of 2nd period - Jeffrey Foss is hit by Dave Dziurzynski and loses puck.
8:14 of 2nd period - Off-side.
8:15 of 2nd period - Sebastian Aho wins face-off versus Henrik Samuelsson in neutral zone.
8:22 of 2nd period - Snap shot by Sebastian Aho.
8:22 of 2nd period - Stopped by Samuel Montembeault without a rebound.
8:23 of 2nd period - Henrik Samuelsson wins face-off versus Sebastian Aho in Wolfpack zone.
8:34 of 2nd period - Fredrik Olofsson is hit by Samuel Blais and loses puck.
9:05 of 2nd period - Backhand shot by Henrik Samuelsson.
9:05 of 2nd period - Stopped by Laurent Brossoit with a rebound.
9:07 of 2nd period - Slapshot by Sebastian Collberg.
9:07 of 2nd period - Shot Misses the Net.
9:09 of 2nd period - Slapshot by Ryan Culkin.
9:09 of 2nd period - Stopped by Laurent Brossoit with a rebound.
9:11 of 2nd period - Wrist shot by Samuel Blais.
9:11 of 2nd period - Stopped by Laurent Brossoit without a rebound.
9:12 of 2nd period - Maxime Sauvé wins face-off versus Kyle Rau in Wolves zone.
9:17 of 2nd period - Slapshot by Stefan Noesen.
9:17 of 2nd period - Deflect By Dave Dziurzynski.
9:17 of 2nd period - Shot Misses the Net.
9:17 of 2nd period - Puck is out of play.
9:18 of 2nd period - Kyle Rau wins face-off versus Maxime Sauvé in Wolves zone.
9:25 of 2nd period - Slapshot by Joe Morrow.
9:25 of 2nd period - Stopped by Samuel Montembeault without a rebound.
9:26 of 2nd period - Kyle Rau wins face-off versus Maxime Sauvé in Wolfpack zone.
9:27 of 2nd period - Snap shot by Lawson Crouse.
9:27 of 2nd period - Deflect By Kyle Rau.
9:27 of 2nd period - Stopped by Samuel Montembeault with a rebound.
9:33 of 2nd period - Alexandre Grenier is hit by Derrick Pouliot and loses puck.
9:42 of 2nd period - Snap shot by Stefan Noesen.
9:42 of 2nd period - Stopped by Laurent Brossoit with a rebound.
9:59 of 2nd period - Slapshot by Sebastian Aho.
9:59 of 2nd period - Shot Misses the Net.
10:03 of 2nd period - Slapshot by Thomas Spelling.
10:03 of 2nd period - Shot Blocked by Derrick Pouliot.
10:13 of 2nd period - Henrik Samuelsson is hit by Antti Suomela and loses puck.
10:50 of 2nd period - Slapshot by Vince Dunn.
10:50 of 2nd period - Stopped by Laurent Brossoit without a rebound.
10:51 of 2nd period - Maxime Sauvé wins face-off versus Sebastian Aho in Wolves zone.
11:44 of 2nd period - Slapshot by Joe Morrow.
11:44 of 2nd period - Stopped by Samuel Montembeault without a rebound.
11:45 of 2nd period - Kyle Rau wins face-off versus Maxime Sauvé in Wolfpack zone.
11:52 of 2nd period - Wrist shot by Lawson Crouse.
11:52 of 2nd period - Stopped by Samuel Montembeault with a rebound.
11:54 of 2nd period - Wrist shot by Alexandre Grenier.
11:54 of 2nd period - Stopped by Samuel Montembeault with a rebound.
11:56 of 2nd period - Slapshot by Alexandre Grenier.
11:56 of 2nd period - Stopped by Samuel Montembeault without a rebound.
11:57 of 2nd period - Maxime Sauvé wins face-off versus Kyle Rau in Wolfpack zone.
12:12 of 2nd period - Wrist shot by Stefan Noesen.
12:12 of 2nd period - Shot Blocked by Lawson Crouse.
12:18 of 2nd period - Ryan Culkin is hit by Kyle Rau.
12:25 of 2nd period - Icing by Ryan Culkin.
12:26 of 2nd period - Sebastian Aho wins face-off versus Stefan Noesen in Wolfpack zone.
12:31 of 2nd period - Snap shot by Sebastian Aho.
12:31 of 2nd period - Deflect By Fredrik Olofsson.
12:31 of 2nd period - Stopped by Samuel Montembeault without a rebound.
12:32 of 2nd period - Samuel Blais wins face-off versus Sebastian Aho in Wolfpack zone.
13:00 of 2nd period - Minor Penalty to Stefan Noesen for Holding.
13:01 of 2nd period - Alexandre Grenier wins face-off versus Maxime Sauvé in Wolfpack zone.
15:00 of 2nd period - Penalty to Stefan Noesen is over, Stefan Noesen is back on ice.
15:51 of 2nd period - Wrist shot by Seth Griffith.
15:51 of 2nd period - Stopped by Laurent Brossoit without a rebound.
15:52 of 2nd period - Sebastian Aho wins face-off versus Alex Barre-Boulet in Wolves zone.
15:57 of 2nd period - Slapshot by Jeffrey Foss.
15:57 of 2nd period - Stopped by Samuel Montembeault without a rebound.
15:58 of 2nd period - Maxime Sauvé wins face-off versus Sebastian Aho in Wolfpack zone.
16:11 of 2nd period - Slapshot by Stefan Noesen.
16:11 of 2nd period - Stopped by Laurent Brossoit with a rebound.
16:19 of 2nd period - Slapshot by Thomas Spelling.
16:19 of 2nd period - Shot Misses the Net.
16:47 of 2nd period - Wrist shot by Vince Dunn.
16:47 of 2nd period - Stopped by Laurent Brossoit without a rebound.
16:48 of 2nd period - Maxime Sauvé wins face-off versus Kyle Rau in Wolves zone.
16:49 of 2nd period - Wrist shot by Dave Dziurzynski.
16:49 of 2nd period - Stopped by Laurent Brossoit without a rebound.
16:50 of 2nd period - Kyle Rau wins face-off versus Maxime Sauvé in Wolves zone.
18:01 of 2nd period - Snap shot by Antti Suomela.
18:01 of 2nd period - Stopped by Samuel Montembeault without a rebound.
18:02 of 2nd period - Seth Griffith wins face-off versus Kyle Rau in Wolfpack zone.
18:10 of 2nd period - Icing by Alexandre Grenier.
18:11 of 2nd period - Kyle Rau wins face-off versus Stefan Noesen in Wolves zone.
18:50 of 2nd period - Snap shot by Maxime Sauvé.
18:50 of 2nd period - Stopped by Laurent Brossoit without a rebound.
18:51 of 2nd period - Henrik Samuelsson wins face-off versus Thomas Spelling in Wolves zone.
19:22 of 2nd period - Wrist shot by Seth Griffith.
19:22 of 2nd period - Goal by Seth Griffith - Wolfpack : 1 - Wolves : 2.
19:23 of 2nd period - Kyle Rau wins face-off versus Maxime Sauvé in neutral zone.
19:50 of 2nd period - Henrik Samuelsson is hit by Sebastian Aho and loses puck.
Goals for this period are 1 for Wolfpack vs 1 for Wolves.
Shots for this period are 17 for Wolfpack vs 15 for Wolves.
3rd period
0:01 of 3rd period - Kyle Rau wins face-off versus Maxime Sauvé in neutral zone.
0:01 of 3rd period - Kyle Rau is hit by Maxime Sauvé.
0:05 of 3rd period - Dave Dziurzynski is hit by Alexandre Grenier and loses puck.
0:48 of 3rd period - Samuel Blais is hit by Victor Olofsson and loses puck.
0:53 of 3rd period - Slapshot by Victor Olofsson.
0:53 of 3rd period - Shot Misses the Net.
0:55 of 3rd period - Snap shot by Victor Olofsson.
0:55 of 3rd period - Shot Misses the Net.
0:57 of 3rd period - Snap shot by Kieffer Bellows.
0:57 of 3rd period - Stopped by Samuel Montembeault without a rebound.
0:58 of 3rd period - Maxime Sauvé wins face-off versus Kyle Rau in Wolfpack zone.
1:02 of 3rd period - Icing by Derrick Pouliot.
1:03 of 3rd period - Maxime Sauvé wins face-off versus Kyle Rau in Wolfpack zone.
1:19 of 3rd period - Derrick Pouliot is hit by Joe Morrow and loses puck.
1:30 of 3rd period - Dave Dziurzynski is hit by Kieffer Bellows and loses puck.
4:05 of 3rd period - Icing by Lawson Crouse.
4:06 of 3rd period - Wade Allison wins face-off versus Seth Griffith in Wolves zone.
4:40 of 3rd period - Slapshot by Maxime Sauvé.
4:40 of 3rd period - Shot Blocked by Sebastian Aho.
5:14 of 3rd period - Connor Chatam is hit by Jakub Zboril and loses puck.
5:44 of 3rd period - Off-side.
5:45 of 3rd period - Maxime Sauvé wins face-off versus Kyle Rau in neutral zone.
7:30 of 3rd period - Wrist shot by Maxime Sauvé.
7:30 of 3rd period - Stopped by Laurent Brossoit without a rebound.
7:31 of 3rd period - Kyle Rau wins face-off versus Maxime Sauvé in Wolves zone.
7:38 of 3rd period - Wrist shot by Stefan Noesen.
7:38 of 3rd period - Stopped by Laurent Brossoit with a rebound.
7:40 of 3rd period - Snap shot by Dave Dziurzynski.
7:40 of 3rd period - Shot Blocked by Jeffrey Foss.
7:42 of 3rd period - Slapshot by Colton White.
7:42 of 3rd period - Stopped by Laurent Brossoit with a rebound.
8:18 of 3rd period - Icing by Kieffer Bellows.
8:19 of 3rd period - Seth Griffith wins face-off versus Matthew Highmore in Wolves zone.
8:49 of 3rd period - Snap shot by Thomas Spelling.
8:49 of 3rd period - Shot Misses the Net.
8:51 of 3rd period - Slapshot by Fredrik Olofsson.
8:51 of 3rd period - Deflect By Thomas Spelling.
8:51 of 3rd period - Shot Blocked by Maxime Sauvé.
8:51 of 3rd period - Puck is out of play.
8:52 of 3rd period - Sebastian Aho wins face-off versus Maxime Sauvé in Wolfpack zone.
9:17 of 3rd period - Steven Santini is hit by Jeff Petry and loses puck.
9:30 of 3rd period - Slapshot by Ryan Culkin.
9:30 of 3rd period - Shot Blocked by Anton Lindholm.
9:50 of 3rd period - Off-side.
9:51 of 3rd period - Kyle Rau wins face-off versus Seth Griffith in neutral zone.
9:54 of 3rd period - Slapshot by Lawson Crouse.
9:54 of 3rd period - Stopped by Samuel Montembeault without a rebound.
9:55 of 3rd period - Seth Griffith wins face-off versus Alexandre Grenier in Wolfpack zone.
10:00 of 3rd period - Alex Barre-Boulet is hit by Lawson Crouse and loses puck.
10:10 of 3rd period - Icing by Derrick Pouliot.
10:11 of 3rd period - Seth Griffith wins face-off versus Sebastian Aho in Wolfpack zone.
10:11 of 3rd period - Seth Griffith is hit by Thomas Spelling.
10:43 of 3rd period - Slapshot by Vince Dunn.
10:43 of 3rd period - Stopped by Laurent Brossoit with a rebound.
10:45 of 3rd period - Slapshot by Vince Dunn.
10:45 of 3rd period - Deflect By Seth Griffith.
10:45 of 3rd period - Stopped by Laurent Brossoit with a rebound.
10:47 of 3rd period - Snap shot by Vince Dunn.
10:47 of 3rd period - Deflect By Seth Griffith.
10:47 of 3rd period - Shot Blocked by Antti Suomela.
10:47 of 3rd period - Puck is out of play.
10:48 of 3rd period - Maxime Sauvé wins face-off versus Kyle Rau in Wolves zone.
10:59 of 3rd period - Slapshot by Stefan Noesen.
10:59 of 3rd period - Shot Blocked by Jeff Petry.
11:01 of 3rd period - Slapshot by Derrick Pouliot.
11:01 of 3rd period - Deflect By Alexandre Grenier.
11:01 of 3rd period - Stopped by Laurent Brossoit without a rebound.
11:02 of 3rd period - Kyle Rau wins face-off versus Maxime Sauvé in Wolves zone.
11:21 of 3rd period - Kyle Rau is hit by Derrick Pouliot and loses puck.
12:01 of 3rd period - Wrist shot by Victor Olofsson.
12:01 of 3rd period - Stopped by Samuel Montembeault with a rebound.
12:03 of 3rd period - Wrist shot by Antti Suomela.
12:03 of 3rd period - Shot Misses the Net.
12:13 of 3rd period - Wrist shot by Matthew Highmore.
12:13 of 3rd period - Stopped by Samuel Montembeault with a rebound.
12:41 of 3rd period - Jalen Chatfield is hit by Steven Santini and loses puck.
13:04 of 3rd period - Wrist shot by Victor Olofsson.
13:04 of 3rd period - Shot Blocked by Steven Santini.
13:26 of 3rd period - Snap shot by Kyle Rau.
13:26 of 3rd period - Goal by Kyle Rau - Wolfpack : 1 - Wolves : 3.
13:27 of 3rd period - Kyle Rau wins face-off versus Maxime Sauvé in neutral zone.
13:54 of 3rd period - Sebastian Aho is hit by Samuel Blais and loses puck.
14:52 of 3rd period - Minor Penalty to Antti Suomela for Diving.
14:53 of 3rd period - Kyle Rau wins face-off versus Maxime Sauvé in Wolves zone.
16:19 of 3rd period - Off-side.
16:20 of 3rd period - Sebastian Aho wins face-off versus Maxime Sauvé in neutral zone.
16:52 of 3rd period - Penalty to Antti Suomela is over, Antti Suomela is back on ice.
18:07 of 3rd period - David Pope is hit by Lawson Crouse and loses puck.
19:24 of 3rd period - Snap shot by David Pope.
19:24 of 3rd period - Stopped by Laurent Brossoit with a rebound.
19:49 of 3rd period - Icing by Dave Dziurzynski.
19:50 of 3rd period - Antti Suomela wins face-off versus Alex Barre-Boulet in Wolfpack zone.
Goals for this period are 0 for Wolfpack vs 1 for Wolves.
Shots for this period are 7 for Wolfpack vs 5 for Wolves.